 Dungeon Crawl Stone Soup version 0.30-a0-760-g5a9884bb7c (webtiles) character file.

Game seed: 10202054292727483198

112 bande the Covered (level 4, -1/29 HPs)
             Began as a Gargoyle Fighter on Feb 10, 2023.
             Killed from afar by a dart slug (2 damage)
             ... with a slug dart
             ... on level 3 of the Dungeon.
             The game lasted 00:01:56 (1827 turns).

bande the Covered (Gargoyle Fighter)                Turns: 1827, Time: 00:01:56

Health: -1/29      AC: 10    Str: 19    XL:     4   Next: 93%
Magic:  4/4        EV:  9    Int:  9    God:
Gold:   71         SH:  4    Dex: 11    Spells: 3/3 levels left

rFire   . . .      SeeInvis .    a - +0 war axe
rCold   . . .      Faith    .    c - +0 buckler
rNeg    + . .      Spirit   .    b - +0 scale mail
rPois   ∞          Reflect  .    (no helmet)
rElec   +          Harm     .    (no cloak)
rCorr   .          Rampage  .    (no gloves)
Will    .....                    (no boots) Stlth
                                 (no amulet)
HPRegen 0.24/turn                (no ring)
MPRegen 0.09/turn                (no ring)

@: no status effects
A: sickness immunity, AC +3, negative energy resistance 1, electricity
resistance, torment resistance 1, petrification resistance
a: no special abilities


You were on level 3 of the Dungeon.
You visited 1 branch of the dungeon, and saw 3 of its levels.

You collected 71 gold pieces.

Inventory:

Hand Weapons
 a - a +0 war axe (weapon)
Armour
 b - a +0 scale mail (worn)
 c - a +0 buckler (worn)
Scrolls
 f - 2 scrolls of identify {unknown}
 h - a scroll of fog {unknown}
 i - a scroll of fear {unknown}
Potions
 d - a potion of might
 e - a potion of experience {unknown}
 g - a potion of brilliance {unknown}
 j - 2 potions of curing {unknown}
 k - 2 potions of flight {unknown}


   Skills:
 + Level 3.8 Fighting
 + Level 3.2 Axes
 + Level 4.1 Armour
 + Level 3.8 Shields


You had 3 spell levels left.
You didn't know any spells.
Your spell library contained the following spells:

 Spells                   Type           Power      Damage    Failure   Level
 Magic Dart               Conj           0%         1d3       83%         1
 Searing Ray              Conj           0%         2d4       93%         2
 Fulminant Prism          Conj/Hex       0%         3d5       100%        4


Dungeon Overview and Level Annotations

Branches:
Dungeon (3/15)

Altars:


Innate Abilities, Weirdness & Mutations

You are immune to sickness and miasma.
Your stone body is resilient. (AC +3)
You are immune to poison.
You resist negative energy. (rN+)
You are resistant to electric shocks. (rElec)
You are resistant to unholy torment.
You are immune to petrification.


Message History

You are too confused!
You are too confused!
Unknown command.
You closely miss the orc. You barely miss the orc wizard.
The orc wizard hits you but does no damage.
The orc hits you with a +0 club. x2
The orc wizard hits you with a +0 dagger.
You barely miss the orc. You hit the orc wizard.
The orc wizard barely misses you. The orc closely misses you.
Unknown command.
You bump into the rock wall.
The orc wizard hits you with a +0 dagger.
The orc hits you but does no damage.
Unknown command.
You bump into the rock wall.
The orc wizard points at you and mumbles some strange words.
The puff of flame hits you but does no damage.
The orc hits you with a +0 club. The dart slug launches a dart at you.
The slug dart misses you.
Unknown command.
You slash the orc!
You kill the orc!
You closely miss the orc wizard. You hit the dart slug.
You feel less confused.
The orc wizard hits you with a +0 dagger.
An endoplasm comes into view.
The endoplasm freezes you.
You are frozen.
* * * LOW HITPOINT WARNING * * *
The orc wizard points at you and mumbles some strange words.
The puff of flame hits you!
* * * LOW HITPOINT WARNING * * *
The endoplasm quivers.
You slash the endoplasm!
You kill the endoplasm!
You completely miss the orc wizard. You hit the dart slug but do no damage.
The dart slug launches a dart at you. The slug dart hits you.
You die...

.J.8. ..8. .######..8
......... ....?....
........######+######
...(..o)+...........#
#....>w@####........#
#######.#..#.........
#.#.<..........
#.#####........
#.....#..#####.
#####.#..# #.#.P#
#....+ #.#.P#


You could see an orc wizard, a dart slug and an endoplasm.

Vanquished Creatures
  An orc priest (D:3)
  A gnoll (D:1)
  An adder (D:2)
  2 worms (D:2)
  3 orcs (D:3)
  3 bats (D:1)
  6 endoplasms
  4 giant cockroaches
  4 goblins
  4 hobgoblins
  5 jackals (D:1)
  8 kobolds
  2 quokkas
  2 ball pythons
  3 frilled lizards
  5 rats
54 creatures vanquished.

Notes
Turn   | Place    | Note
-------+----------+-------------------------------------------
     0 | D:1      | bande the Gargoyle Fighter began the quest for the Orb.
     0 | D:1      | Reached XP level 1. HP: 14/14 MP: 1/1
    31 | D:1      | Reached XP level 2. HP: 19/19 MP: 2/2
   442 | D:1      | Reached XP level 3. HP: 21/24 MP: 3/3
   770 | D:1      | Reached skill level 4 in Armour
  1235 | D:2      | Reached XP level 4. HP: 29/29 MP: 4/4
  1826 | D:3      | HP: 1/29 [orc wizard/puff of flame (7)]
  1827 | D:3      | Killed from afar by a dart slug

Illustrated notes

Levels and vault maps discovered:
D:1:      nicolae_arrival_washed_ashore, layout_loops_cross
D:2:      layout_basic, minmay_strange_pillars
D:3:      layout_basic, eat_drink_and_be_merry_uskayaw, marbit_many_paths,
          gammafunk_ghost_split, chequers_ecumenical_altar_simple_redux,
          cheibrodos_gnoll_hut

Skill      XL: |  1  2  3  4 |
---------------+-------------+-----
Axes           | 2 3 |  3.2
Armour         | 4 |  4.1
Fighting       | |  3.8
Shields        | |  3.8

Action                     |  1- 3 |  4- 6 || total
---------------------------+-------+-------++-------
  Melee: War axe           |   106 |    35 ||   141
 Armour: Scale mail        |    63 |    21 ||    84
  Dodge: Dodged            |    58 |    20 ||    78
  Block: Buckler           |    20 |     7 ||    27

Table legend: (Time is in decaauts)
 A = Elapsed time spent in this place.
 B = Non-inter-level travel time spent in this place.
 C = Inter-level travel time spent in this place.
 D = Time resting spent in this place.
 E = Time spent auto-exploring this place.
 F = Levels seen in this place.
 G = Mean time per level.
                   A        B        C        D        E       F      G
               +--------+--------+--------+--------+--------+-----+--------+
         Total |   1887 |   1864 |     23 |    166 |   1289 |   3 |  629.0 |
       Dungeon |   1887 |   1864 |     23 |    166 |   1289 |   3 |  629.0 |
               +--------+--------+--------+--------+--------+-----+--------+

Top non-repeatable levels by time:
     D:1: 962 daAuts
     D:2: 887 daAuts
     D:3: 37 daAuts
